 Dungeon Crawl Stone Soup version 0.29.1-12-g30fa7ad0bf (webtiles) character file.

Game seed: 5149842584000572502

63 LustLizard the Firebug (level 4, 0/52 HPs)
             Began as a Hill Orc Fire Elementalist on Jan 12, 2023.
             Slain by an orc priest
             ... wielding a +0 flail
              (8 damage)
             ... on level 2 of the Dungeon.
             The game lasted 00:04:26 (2164 turns).

LustLizard the Firebug (Hill Orc Fire Elementalist) Turns: 2164, Time: 00:04:28

Health: 0/52       AC: 22    Str: 18    XL:     4   Next: 9%
Magic:  0/6        EV:  2    Int: 15    God:
Gold:   42         SH:  5    Dex: 11    Spells: 2/6 levels left

rFire   . . .      SeeInvis .   m - +0 hand axe
rCold   . . .      Faith    .   (no shield)
rNeg    . . .      Spirit   .   (body armour currently unavailable)
rPois   +          Reflect  +   (helmet currently unavailable)
rElec   .          Harm     .   (cloak currently unavailable)
rCorr   .          Rampage  .   (gloves currently unavailable)
Will    .....      NoTele   +   (boots currently unavailable)
Stlth   ++........              e - amulet of reflection
HPRegen 0.17/turn               c - +6 ring of strength
MPRegen 0.10/turn               (no ring)

@: tree-form
A: stationary, stasis, torment immunity, boosted hp
a: Convert to Beogh


You were on level 2 of the Dungeon.
You were a tree.
You visited 1 branch of the dungeon, and saw 2 of its levels.

You collected 42 gold pieces.

Inventory:

Hand Weapons
 m - a +0 hand axe (weapon)
Missiles
 p - 10 poisoned darts
Armour
 a - a +0 robe (melded)
 f - a +1 pair of gloves (melded)
Jewellery
 c - a +6 ring of strength (left branch)
 e - an amulet of reflection (around neck)
Scrolls
 h - 3 scrolls of identify {unknown}
 i - a scroll of amnesia {unknown}
 k - a scroll of fear {unknown}
 n - a scroll of enchant weapon {unknown}
 o - a scroll of blinking {unknown}
 q - a scroll of torment {unknown}
Potions
 b - a potion of magic
 g - a potion of might {unknown}
 j - a potion of flight {unknown}
 l - a potion of lignification


   Skills:
 + Level 1.6 Fighting
 * Level 1.2 Axes
 - Level 1.5 Dodging
 - Level 1.5 Stealth
 - Level 1.7 Spellcasting
 - Level 2.0 Conjurations
 - Level 4.0 Fire Magic
 * Level 0.3 Air Magic


You had 2 spell levels left.
You knew the following spells:

 Your Spells              Type           Power      Damage    Failure   Level
a - Foxfire               Conj/Fire      40%        2x1d6     7%          1
b - Swiftness             Air            2%         N/A       52%         3

Your spell library contained the following spells:

 Spells                   Type           Power      Damage    Failure   Level
 Scorch                   Fire           26%        2d6       7%          2
 Shock                    Conj/Air       20%        1d4       14%         1
 Conjure Flame            Conj/Fire      10%        6-21      21%         3
 Inner Flame              Hex/Fire       7%         N/A       30%         3
 Flame Wave               Conj/Fire      10%        2d6       54%         4
 Airstrike                Air            1%         2d(1-17)  89%         4


Dungeon Overview and Level Annotations

Branches:
Dungeon (2/15)

Altars:
Trog


Message History

The orc is moderately wounded.
You hit the orc.
The orc is heavily wounded.
You hit the orc but do no damage.
The orc is heavily wounded.
The orc barely misses you.
The orc priest hits you with a +0 flail!
* * * LOW HITPOINT WARNING * * *
The orc hits you with a +0 club.
* * * LOW HITPOINT WARNING * * *
Casting: Foxfire (safe; 7% risk of failure)
Press: ? - help, Q - select action, (/) - cycle Dir - look around, f - activate You conjure some foxfire!
The orc priest shouts, "Beogh is our master!
Accept the truth or die!"
The foxfire hits the orc.
The orc is almost dead.
The orc priest closely misses you.
You hit the orc priest.
The orc priest is moderately wounded.
You barely miss the orc.
The foxfire hits the orc.
You kill the orc!
The orc priest hits you but does no damage.
Unknown command.
It was a potion of lignification.
You turn into a tree.
Your +1 pair of gloves melds into your body.
Your +0 robe melds into your body.
Your roots penetrate the ground.
The orc hits you but does no damage.
The orc priest hits you but does no damage.
You barely miss the orc priest.
The orc priest threatens, "By the altar or by the axe, you will meet Beogh!"
The orc priest is moderately wounded.
You barely miss the orc. You block the orc's attack.
You block the orc priest's attack.
You hit the orc priest.
The orc priest is heavily wounded.
You hit the orc.
The orc priest threatens, "By the altar or by the axe, you will meet Beogh!"
The orc hits you but does no damage.
The orc priest hits you with a +0 flail!
You die...

#.###...###.#####..........
#.................###......
####.##..##.#..#####..#.#.....
.........##)..................
######..###.#..#####.......###
#.#o..##..#######.###.... #.
###)†.....)....# #.### #.
#.#oo######### #.# #o #.#♣)#
#.# #o # #..###########)# o.
#............).#
#.############## #.# #.# #.#
#.# ..#


You could see an orc priest and an orc.

Vanquished Creatures
  An adder (D:2)
  A worm (D:2)
  3 orcs (D:2)
  2 endoplasms (D:1)
  4 giant cockroaches
  7 goblins
  6 hobgoblins
  4 kobolds
  4 quokkas
  5 bats (D:1)
  2 frilled lizards
  5 rats
44 creatures vanquished.

Vanquished Creatures (others)
  121 foxfires
121 creatures vanquished.

Grand Total: 165 creatures vanquished

Notes
Turn   | Place    | Note
-------+----------+-------------------------------------------
     0 | D:1      | LustLizard the Hill Orc Fire Elementalist began the quest
                  | for the Orb.
     0 | D:1      | Reached XP level 1. HP: 14/14 MP: 3/3
   467 | D:1      | Reached XP level 2. HP: 12/22 MP: 0/4
   634 | D:1      | Found a faded altar of an unknown god.
   919 | D:1      | Reached skill level 1 in Fighting
   985 | D:1      | Reached XP level 3. HP: 24/28 MP: 0/5
  1576 | D:2      | Found a bloodstained altar of Trog.
  1712 | D:2      | Reached skill level 4 in Fire Magic
  1828 | D:2      | Learned a level 3 spell: Swiftness
  2086 | D:2      | Reached skill level 1 in Axes
  2141 | D:2      | Reached XP level 4. HP: 24/35 MP: 1/6
  2164 | D:2      | Slain by an orc priest

Illustrated notes

Levels and vault maps discovered:
D:1:      amcnicky_arrival_single_pillar, layout_rooms,
          shapermc_ecumenical_altar_starsandcircs, st_stairs_9
D:2:      layout_loops_ring, basic_altar

Skill      XL: |  1  2  3 |
---------------+----------+-----
Fighting       | 1 |  1.6
Conjurations   | 2 |  2.0
Fire Magic     | 4 |  4.0
Axes           | 1 |  1.2
Dodging        | |  1.5
Stealth        | |  1.5
Spellcasting   | |  1.7
Air Magic      | |  0.3

Action                   |  1- 3 |  4- 6 || total
-------------------------+-------+-------++-------
Melee: Unarmed           |    23 |       ||    23
       Dagger            |    54 |       ||    54
       Hand axe          |     4 |     5 ||     9
 Cast: Foxfire           |    69 |     3 ||    72
  Use: Potion            |       |     1 ||     1
Armor: Robe              |    32 |     1 ||    33
       Skin              |       |     3 ||     3
Dodge: Dodged            |    62 |     2 ||    64
Block: Other             |    11 |     2 ||    13
